 Dungeon Crawl Stone Soup version 0.23.2-40-g277498a (webtiles) character file.

Game seed: 5393042448926367465

8402 HyperSplatTastic the Covert (level 11, 20/102 HPs)
             Began as a Naga Conjurer on Oct 9, 2019.
             Was an Elder of Sif Muna.
             Quit the game in a bailey.
             The game lasted 00:38:41 (14030 turns).

HyperSplatTastic the Covert (Naga Conjurer)        Turns: 14030, Time: 00:38:41

Health: 20/102     AC: 11    Str: 11    XL:     11   Next: 30%
Magic:  3/19       EV:  9    Int: 19    God:    Sif Muna [****..]
Gold:   489        SH:  0    Dex: 11    Spells: 3/20 levels left

rFire    + . .     SeeInvis +   L - +1 dagger (venom)
rCold    + . .     Gourm    .   (no shield)
rNeg     . . .     Faith    .   x - +1 leather armour {rC+}
rPois    +         Spirit   .   (no helmet)
rElec    .         Reflect  .   E - +0 cloak
rCorr    .         Harm     .   A - +1 pair of gloves
MR       +....                  (no barding)
Stlth    ++++......             (no amulet)
HPRegen  0.27/turn              Z - ring of wizardry
MPRegen  0.16/turn              (no ring)

@: very slow
A: large, icy blue scales 1, see invisible, blink, deformed body, fire
resistance 1, poison resistance, slowness 2, slow metabolism 1, spit poison 1,
AC +3
a: Spit Poison, Blink, Divine Energy, Channel Magic, Forget Spell, Renounce
Religion


You were in a bailey.
You worshipped Sif Muna.
Sif Muna was greatly pleased with you.
You were not hungry.

You visited 2 branches of the dungeon, and saw 11 of its levels.
You also visited: Bailey.

You collected 760 gold pieces.
You spent 271 gold pieces at shops.


Innate Abilities, Weirdness & Mutations

You cannot wear boots.
Your serpentine skin is tough. (AC +3)
You have supernaturally acute eyesight. (SInv)
Armour fits poorly on your strangely shaped body.
Your system is resistant to poisons. (rPois)
You cover ground very slowly.
You have a slow metabolism.
You can spit poison.
You are partially covered in icy blue scales. (AC +2)
You can translocate small distances at will.
Your flesh is heat resistant. (rF+)


   Skills:
 + Level 7.6 Fighting
 - Level 1.5 Dodging
 - Level 10.0 Stealth
 + Level 5.3 Spellcasting
 - Level 7.4 Conjurations
 - Level 7.0 Summonings
 * Level 5.2 Ice Magic
 - Level 7.1 Air Magic


You had 3 spell levels left.
You knew the following spells:

 Your Spells              Type           Power        Failure   Level  Hunger
b - Summon Ice Beast      Ice/Summ       ####....     4%          4    ####...
l - Summon Lightning Spi  Summ/Air       ####....     3%          4    ####...
m - Iskenderun's Mystic   Conj           ####....     3%          4    ####...
s - Searing Ray           Conj           ####..       1%          2    None
z - Magic Dart            Conj           ####         1%          1    None
I - Blink                 Tloc           N/A          10%         2    None

Your spell library contained the following spells:

 Spells                   Type           Power        Failure   Level  Hunger
 Summon Small Mammal      Summ           ####         1%          1    None
 Call Imp                 Summ           ####....     1%          2    None
 Call Canine Familiar     Summ           ####....     1%          3    ##.....
 Mephitic Cloud           Conj/Pois/Air  ###.....     2%          3    ##.....
 Conjure Flame            Conj/Fire      ###.....     4%          3    ##.....
 Dazzling Spray           Conj/Hex       ###...       4%          3    ##.....
 Summon Guardian Golem    Hex/Summ       ###.....     4%          3    ##.....
 Slow                     Hex            #.......     10%         2    None
 Force Lance              Conj/Tloc      ###.....     14%         4    ####...
 Fulminant Prism          Conj/Hex       ###.......   14%         4    ####...

Inventory:

Hand Weapons
 p - a +0 blowgun {@w1}
 r - a +4 long sword
 H - a +6 dagger
 L - a +1 dagger of venom (weapon)
Missiles
 n - 2 throwing nets {=f}
 q - 6 curare-tipped needles {=f}
Armour
 x - a +1 leather armour of cold resistance (worn)
 A - a +1 pair of gloves (worn)
 E - a +0 cloak (worn)
Jewellery
 y - an uncursed amulet of harm {unknown}
 T - an uncursed amulet of faith {!P}
 Z - a ring of wizardry (left hand)
Wands
 v - a wand of flame (6)
 F - a wand of disintegration (20)
Scrolls
 e - 2 scrolls of remove curse {unknown}
 f - a scroll of acquirement {unknown}
 g - a scroll of fear {unknown}
 i - 3 scrolls of teleportation {@r4}
 k - 3 scrolls of blinking {unknown}
 l - 3 scrolls of enchant armour
 o - 6 scrolls of immolation {!r}
 z - 3 scrolls of enchant weapon {unknown}
 B - 2 scrolls of magic mapping {unknown}
 I - a scroll of fog {unknown}
 K - a scroll of amnesia {unknown}
Potions
 a - a potion of resistance {unknown}
 d - 10 potions of curing {@q1}
 h - 3 potions of haste {unknown}
 m - a potion of magic {unknown}
 s - a potion of ambrosia {unknown}
 t - a potion of mutation {!q}
 u - 2 potions of heal wounds {@q2}
 w - 2 potions of flight {unknown}
 C - 2 potions of might
 D - 2 potions of lignification {!q}
 G - a potion of berserk rage {unknown}
 J - a potion of invisibility {unknown}
 M - 2 potions of degeneration {!q}
Comestibles
 c - 20 rations {@e1}

Dungeon Overview and Level Annotations

Branches:
Dungeon (10/15)            Temple (1/1) D:4
   Lair: D:8-11         Orc: D:9-12

Altars:
Ashenzari
Cheibriados
Dithmenos
Elyvilon
Fedhas
Gozag
Hepliaklqana
Kikubaaqudgha
Makhleb
Nemelex Xobeh
Okawaru
Qazlal
Ru
Sif Muna
Trog
Uskayaw
Vehumet
Wu Jian
Xom
Yredelemnul
Zin
The Shining One

Shops:
D:3 *   D:4 (   D:5 [(!( D:7

= .### ###.....###
...###.........##
)..)#)..........#
..))))..........#
....#)....⌠.....#
....#.........).#
....#.........).#
...###.......))### ♣♣♣♣
.###.###....)#)#@###
♣♣♣♣..♣ ##.o.
###.###)o...###♣♣.....♣♣
o...
###..)......##.......♣♣
.....
#...........#........♣
.....
#...........))......♣♣
.....
#.....).....'..∩.∩..♣


oo... #...........'........♣ ..... #...........#.......♣♣ ....
###.........##......♣♣ You could see an orc knight.


Message History

Use which ability? (? or * to list)
Press: ? - help, Shift-Dir - straight line, f/p - orc warlord
Aim: an orc warlord, wielding a +0 long sword of holy wrath, wearing a +0 plate armour and wearing a +0 large shield (severely wounded)
The orc warlord blocks the splash of poison.
You feel slightly more hungry.
The orc warlord hits you with a +0 long sword of holy wrath!!
* * * LOW HITPOINT WARNING * * *
Casting: Summon Ice Beast (safe; 4% risk of failure)
Confirm with . or Enter, or press ? or * to list all spells.
You blink.
As you read the scroll of teleportation {@r4}, it crumbles to dust.
You feel strangely unstable.
You feel much better.
The orc warlord hits you with a +0 long sword of holy wrath.
* * * LOW HITPOINT WARNING * * *
Unknown command.
You have got your breath back.
The orc warlord hits you with a +0 long sword of holy wrath.
* * * LOW HITPOINT WARNING * * *
Your surroundings suddenly seem different.
An orc knight comes into view. It is wielding a +0 war axe.
Things that are here:
a +0 hand axe; a +0 leather armour Unknown command.
There is an open door, spattered with blood here.
Items here: ))))) [[[[[ ÷ The orc knight shouts!
The orc knight hits you with a +0 war axe!!
* * * LOW HITPOINT WARNING * * *
Are you sure you want to abandon this character and quit the game? (Confirm with "yes".)

Skill      XL: |  1  2  3  4  5  6  7  8  9 10 11 |
---------------+----------------------------------+-----
Fighting       | 1 2 3 4 5 7 |  7.6
Stealth        | 4 5 6 8 9 10 | 10.0
Conjurations   | 5 6 7 |  7.4
Spellcasting   | 3 4 5 |  5.3
Summonings     | 2 5 7 |  7.0
Air Magic      | 3 5 7 |  7.1
Ice Magic      | 3 5 |  5.2
Dodging        | |  1.5

Action                   |  1- 3 |  4- 6 |  7- 9 | 10-12 || total
-------------------------+-------+-------+-------+-------++-------
Melee: Unarmed           |    18 |       |       |       ||    18
       Short sword       |     5 |    80 |   184 |   135 ||   404
       Dagger            |       |       |       |   119 ||   119
 Cast: Magic Dart        |    38 |    15 |     2 |     1 ||    56
       Searing Ray       |       |     3 |    33 |    49 ||    85
       Summon Lightning  |       |       |     1 |    17 ||    18
       Summon Ice Beast  |       |       |       |    14 ||    14
       Blink             |       |       |       |     5 ||     5
 Abil: Spit Poison       |    32 |    19 |    18 |    36 ||   105
       Blink             |       |       |       |     1 ||     1
Evoke: Wand              |       |     2 |     5 |    21 ||    28
  Use: Scroll            |       |       |     4 |     8 ||    12
       Potion            |       |       |       |     3 ||     3
 Stab: Sleeping          |     1 |     1 |     8 |    11 ||    21
       Distracted        |       |       |     1 |     1 ||     2
  Eat: Chunk             |     3 |     6 |    10 |    11 ||    30
       Ration            |       |       |     1 |     4 ||     5
Armor: Robe              |    15 |    33 |     3 |       ||    51
       Leather armour    |       |       |    83 |   202 ||   285
Dodge: Dodged            |    43 |    70 |   118 |   209 ||   440

Levels and vault maps discovered:
D:1:      nicolae_arrival_washed_ashore, layout_rooms, minmay_misc_feat_tower
D:2:      layout_loops_ring, minitemple, first_ration, hangedman_feature_mirror
D:3:      layout_loops_ring, nicolae_gozag_zags_fifth_avenue
D:4:      cheibrodos_old_hovel, layout_basic, eat_drink_and_be_merry_uskayaw,
          minmay_temple_entry_enclosed_plants, uniq_edmund
D:5:      layout_cave_pools, serial_shops, shop, shop,
          nicolae_shop_behind_doors, shop, minmay_gold_behind_fungi
D:6:      layout_gridville, xom_confusion_cloud, uniq_crazy_yiuf_cottage,
          uniq_prince_ribbit1, uniq_sigmund
D:7:      layout_basic, kennysheep_little_box, serial_shops, shop,
          grunt_livestock, uniq_duvessa, uniq_harold
D:8:      layout_gridville, fiery_altar_vehumet, ebering_dispersal_statue_hall
D:9:      layout_long_grid, nemelex_xobeh_ov_fountains_minmay
D:10:     layout_loops_ring, grunt_lair_entry_orc_guard_hut, enter_bailey_3,
          uniq_erica
Temple:   regret_index_temple_generic_petals
Bailey:   bailey_axe_minmay_hex_keep, bailey

Notes
Turn   | Place    | Note
-------+----------+-------------------------------------------
     0 | D:1      | HyperSplatTastic the Naga Conjurer began the quest for the
                  | Orb.
     0 | D:1      | Reached XP level 1. HP: 15/15 MP: 3/3
    69 | D:1      | Reached XP level 2. HP: 7/24 MP: 0/5
   620 | D:1      | Reached XP level 3. HP: 25/30 MP: 6/6
   884 | D:2      | Reached skill level 1 in Fighting
  1193 | D:2      | Found a blossoming altar of Fedhas.
  1194 | D:2      | Found a glowing silver altar of Zin.
  1373 | D:2      | Reached skill level 4 in Stealth
  1373 | D:2      | Reached XP level 4. HP: 38/38 MP: 7/7
  1761 | D:3      | Reached XP level 5. HP: 45/45 MP: 8/8
  1778 | D:3      | Reached skill level 5 in Conjurations
  2072 | D:3      | Found an opulent altar of Gozag.
  2075 | D:3      | Found Gozag's Platinum Reserve.
  2394 | D:4      | Found a hide-covered altar of Uskayaw.
  2598 | D:3      | Reached skill level 2 in Fighting
  2692 | D:3      | Learned a level 2 spell: Searing Ray
  2697 | D:3      | Learned a level 4 spell: Iskenderun's Mystic Blast
  2853 | D:3      | Reached skill level 3 in Spellcasting
  3028 | D:4      | Reached skill level 5 in Stealth
  3028 | D:4      | Reached XP level 6. HP: 35/52 MP: 5/10
  3181 | D:4      | Noticed Edmund
  3233 | D:4      | Killed Edmund
  3555 | D:4      | Reached skill level 6 in Conjurations
  3555 | D:4      | Reached XP level 7. HP: 54/61 MP: 6/12
  3839 | D:4      | Found a staircase to the Ecumenical Temple.
  3857 | Temple   | Entered the Ecumenical Temple
  4036 | Temple   | Became a worshipper of Sif Muna the Loreminder
  4090 | D:5      | Entered Level 5 of the Dungeon
  4189 | D:5      | Found Ludwaonk's Weapon Emporium.
  4205 | D:4      | Reached skill level 3 in Fighting
  4314 | D:5      | Reached skill level 6 in Stealth
  4616 | D:5      | Found Mipian's Distillery.
  4619 | D:5      | Bought a potion of might for 48 gold pieces
  4619 | D:5      | Bought a potion of lignification for 36 gold pieces
  4633 | D:5      | Reached skill level 4 in Spellcasting
  4633 | D:5      | Reached XP level 8. HP: 57/72 MP: 1/14
  4736 | D:5      | Found Fuetenen's Antique Weapon Shop.
  4753 | D:5      | Reached skill level 7 in Stealth
  4753 | D:5      | Reached skill level 7 in Conjurations
  4913 | D:5      | Reached skill level 4 in Fighting
  4973 | D:5      | Found Ciut's Antique Armour Boutique.
  4980 | D:5      | Bought a pair of glowing gloves for 187 gold pieces
  4995 | D:5      | Reached * piety under Sif Muna
  5340 | D:6      | Learned a level 4 spell: Summon Lightning Spire
  5498 | D:6      | Noticed Sigmund
  5502 | D:6      | Killed Sigmund
  5502 | D:6      | Reached skill level 1 in Summonings
  5502 | D:6      | Reached skill level 1 in Air Magic
  5577 | D:6      | Reached skill level 8 in Stealth
  5577 | D:6      | Reached skill level 2 in Summonings
  5577 | D:6      | Reached skill level 2 in Air Magic
  5609 | D:6      | Found a shimmering altar of Xom.
  5883 | D:6      | Noticed Prince Ribbit
  6003 | D:6      | Found a runed translucent door.
  6004 | D:6      | Noticed Crazy Yiuf
  6011 | D:6      | Killed Crazy Yiuf
  6167 | D:6      | Killed Prince Ribbit
  6400 | D:6      | Reached skill level 3 in Air Magic
  6400 | D:6      | Reached XP level 9. HP: 44/79 MP: 10/15
  6797 | D:6      | Found a shimmering altar of Xom.
  6916 | D:7      | Noticed Harold
  6928 | D:7      | Killed Harold
  6928 | D:7      | Reached ** piety under Sif Muna
  6928 | D:7      | Reached skill level 5 in Fighting
  6928 | D:7      | Reached skill level 9 in Stealth
  6928 | D:7      | Reached skill level 4 in Summonings
  6928 | D:7      | Reached skill level 4 in Air Magic
  7044 | D:7      | Found Oboff's Jewellery Emporium.
  7100 | D:7      | Found a bloodstained altar of Trog.
  7480 | D:7      | Reached skill level 5 in Summonings
  7480 | D:7      | Reached skill level 5 in Air Magic
  7650 | D:7      | Reached XP level 10. HP: 87/91 MP: 10/16
  7813 | D:7      | Reached skill level 10 in Stealth
  7936 | D:7      | Noticed Dowan
  7938 | D:7      | Noticed Duvessa
  7950 | D:7      | Killed Dowan
  7956 | D:7      | Killed Duvessa
  7956 | D:7      | Reached skill level 6 in Fighting
  8161 | D:7      | Reached skill level 6 in Air Magic
  8271 | D:8      | Reached skill level 6 in Summonings
  8381 | D:8      | Found a radiant altar of Vehumet.
  8417 | D:8      | Learned a level 4 spell: Summon Ice Beast
  8431 | D:8      | Noticed a two-headed ogre
  8459 | D:8      | Killed a two-headed ogre
  8459 | D:8      | Reached *** piety under Sif Muna
  9564 | D:8      | Reached skill level 7 in Air Magic
  9565 | D:8      | Reached skill level 7 in Summonings
  9619 | D:9      | Found a sparkling altar of Nemelex Xobeh.
  9677 | D:9      | Reached skill level 1 in Ice Magic
 10307 | D:9      | Reached skill level 2 in Ice Magic
 11010 | D:9      | Reached skill level 7 in Fighting
 11033 | D:9      | Reached skill level 3 in Ice Magic
 11569 | D:9      | Learned a level 2 spell: Blink
 11670 | D:10     | Entered Level 10 of the Dungeon
 11679 | D:10     | Noticed a cyan ugly thing
 11701 | D:9      | Killed a cyan ugly thing
 11701 | D:9      | Reached XP level 11. HP: 25/100 MP: 5/18
 11998 | D:10     | Reached **** piety under Sif Muna
 11998 | D:10     | Reached skill level 4 in Ice Magic
 12079 | D:10     | Found a flagged portal.
 12092 | Bailey   | Entered a bailey
 12148 | Bailey   | Reached skill level 5 in Spellcasting
 12680 | Bailey   | Noticed an orc knight
 12705 | Bailey   | Killed an orc knight
 12713 | Bailey   | HP: 6/100 [orc warrior/+0 war axe (15)]
 13375 | Bailey   | Noticed an orc warlord
 13395 | Bailey   | Reached skill level 5 in Ice Magic
 14012 | Bailey   | Gained mutation: You can translocate small distances at
                  | will. [potion of mutation]
 14012 | Bailey   | Gained mutation: Your flesh is heat resistant. (rF+)
                  | [potion of mutation]
 14012 | Bailey   | Gained mutation: You are partially covered in icy blue
                  | scales. (AC +2) [potion of mutation]
 14021 | Bailey   | HP: 7/102 [orc warlord/+0 long sword of holy wrath (18)]
 14026 | Bailey   | Noticed an orc knight
 14030 | Bailey   | Quit the game

Vanquished Creatures
  Harold (D:7)
  A two-headed ogre (D:8)
  An ugly thing (D:9)
  A centaur zombie (D:10)
  A troll (D:9)
  Sigmund (D:6)
  2 yaks (D:7)
  2 hogs (D:7)
  A human (D:7)
  Edmund (D:4)
  Duvessa (D:7)
  A hornet zombie (D:8)
  A black bear (D:8)
  6 sky beasts
  A necrophage (D:8)
  11 orc warriors (Bailey)
  2 ice beasts (D:9)
  An ogre (D:4)
  A centaur (D:8)
  2 big kobolds
  4 bullfrogs
  6 scorpions
  Dowan (D:7)
  3 killer bees (D:8)
  5 wights
  4 crimson imps
  4 bullfrog zombies
  A bullfrog skeleton (D:6)
  A gnoll shaman (D:3)
  4 hounds
  An orc priest (D:5)
  A jelly (D:6)
  3 iguanas
  Crazy Yiuf (D:6)
  7 orc wizards
  7 worker ants
  A hound skeleton (D:7)
  A howler monkey zombie (D:8)
  9 gnolls
  A howler monkey skeleton (D:6)
  11 adders
  A shadow imp (D:8)
  An ooze (D:2)
  An adder zombie (D:8)
  2 worms
  A dart slug (D:3)
  A leopard gecko (D:1)
  27 orcs
  A ball python (D:4)
  13 bats
  4 giant cockroaches
  14 hobgoblins
  9 jackals
  15 kobolds
  6 quokkas
  3 frilled lizards
  20 goblins
  A quokka skeleton (D:5)
  2 rats
237 creatures vanquished.

Vanquished Creatures (collateral kills)
  An orc knight (Bailey)
  3 vampire mosquitoes (D:8)
  2 orc warriors (Bailey)
  A hornet zombie (D:9)
  A crimson imp (D:9)
  An iguana (D:9)
  A worker ant (D:9)
  3 gnolls (Bailey)
  14 orcs
  4 goblins (Bailey)
  8 hobgoblins (Bailey)
39 creatures vanquished.

Vanquished Creatures (others)
  Prince Ribbit (D:6)
  2 orc warriors (D:6)
  A worker ant (D:6)
  A worm (D:6)
  A fungus (D:10)
  2 plants (D:4)
  5 toadstools (D:5)
13 creatures vanquished.

Grand Total: 289 creatures vanquished

Table legend:
 A = Turns spent in this place as a percentage of turns spent in the entire game.
 B = Non-inter-level travel turns spent in this place as a percentage of non-inter-level travel turns spent in the entire game.
 C = Inter-level travel turns spent in this place as a percentage of turns spent in this place.
 D = Turns resting spent in this place as a percentage of non-inter-level travel turns spent in this place.
 E = Turns spent auto-exploring this place as a percentage of non-inter-level travel turns spent in this place.
 F = Non-inter-level travel turns spent in this place divided by the number of levels of this place that you've seen.
                   A       B       C       D       E      F
               +-------+-------+-------+-------+-------+----------------------
         Total | 100.0 | 100.0 |   1.9 |  46.9 |  34.3 | 1146.9
       Dungeon |  84.7 |  84.6 |   2.1 |  43.3 |  38.3 | 1164.4
        Temple |   1.4 |   1.3 |  10.8 |   0.0 |  97.8 | 181.0
        Bailey |  13.8 |  14.1 |   0.0 |  72.5 |   4.0 | 1938.0
               +-------+-------+-------+-------+-------+----------------------

Table legend:
 A = Non-vault XP
 B = Vault XP
 C = Vault XP percentage of total XP
 D = Non-vault monster count
 E = Vault monster count
 F = Vault count percentage of total count
                 A         B        C        D         E       F
            +---------+---------+-------+---------+---------+-------
      Total |    7039 |    4965 |  41.4 |     187 |      89 |  32.2
            +---------+---------+-------+---------+---------+-------
        D:1 |      35 |       0 |   0.0 |      19 |       0 |   0.0
        D:2 |      52 |       4 |   7.1 |      16 |       2 |  11.1
        D:3 |     214 |       0 |   0.0 |      26 |       0 |   0.0
        D:4 |     259 |     154 |  37.3 |      14 |       1 |   6.7
        D:5 |     841 |       0 |   0.0 |      25 |       0 |   0.0
        D:6 |     440 |     548 |  55.5 |      10 |       7 |  41.2
        D:7 |     655 |    2232 |  77.3 |      21 |       8 |  27.6
        D:8 |    2104 |       0 |   0.0 |      30 |       0 |   0.0
        D:9 |    1949 |       0 |   0.0 |      25 |       0 |   0.0
       D:10 |     490 |       7 |   1.4 |       1 |       4 |  80.0
     Bailey |       0 |    2020 | 100.0 |       0 |      67 | 100.0
            +---------+---------+-------+---------+---------+-------
